 Dungeon Crawl Stone Soup version 0.27.1-34-g3ba077fa99 (webtiles) character file.

Game seed: 15151248032369103536

352 FuzzyBison the Cutter (level 6, -3/39 HPs)
             Began as a Kobold Monk on Jan 23, 2022.
             Slain by a river rat (5 damage)
             ... summoned by Eustachio
             ... on level 4 of the Dungeon.
             The game lasted 00:33:28 (4030 turns).

FuzzyBison the Cutter (Kobold Monk)                 Turns: 4030, Time: 00:33:29

Health: -3/39      AC:  8    Str: 11      XL:     6   Next: 93%
Magic:  6/6        EV: 12    Int: 11      God:
Gold:   175        SH:  0    Dex: 16 (17) Spells: 5/5 levels left

rFire    . . .     SeeInvis .   o - +2 mace
rCold    . . .     Faith    .   (shield restricted)
rNeg     . . .     Spirit   .   i - +0 chain mail
rPois    .         Reflect  .   (no helmet)
rElec    .         Harm     .   (no cloak)
rCorr    .         Rampage  .   (no gloves)
Will     .....                  (no boots)
Stlth    ..........             (no amulet)
HPRegen  0.13/turn              l - +4 ring of evasion
MPRegen  0.10/turn              (no ring)

@: no status effects
A: small, no large weapons, nightstalker 3
a: no special abilities


You were on level 4 of the Dungeon.
You visited 1 branch of the dungeon, and saw 4 of its levels.

You collected 175 gold pieces.

Inventory:

Hand Weapons
 a - a +0 short sword
 d - a +0 dagger
 o - a +2 mace (weapon)
 p - a +0 hunting sling
Missiles
 c - 73 stones (quivered)
 k - 12 bolts
 m - 11 poisoned darts
 q - 13 arrows
Armour
 b - a +0 robe
 h - a +0 ring mail
 i - a +0 chain mail (worn)
Jewellery
 l - a +4 ring of evasion (left hand)
Wands
 f - a wand of flame (3)
Scrolls
 n - a scroll of vulnerability
 r - a scroll of amnesia
 t - a scroll of identify


   Skills:
 + Level 4.6 Fighting
 + Level 5.4 Short Blades
 + Level 2.2 Maces & Flails
 + Level 1.9 Throwing
 + Level 1.8 Armour
 + Level 4.4 Dodging
 + Level 2.9 Stealth
 + Level 0.7 Evocations


You had 5 spell levels left.
You didn't know any spells.
Your spell library contained the following spells:

 Spells                   Type           Power      Damage    Failure   Level
 Corpse Rot               Necr/Air       N/A        N/A       100%        2
 Dazzling Flash           Conj/Hex       0%         N/A       100%        3
 Dispel Undead            Necr           0%         3d6       100%        4
 Agony                    Necr           0%         N/A       100%        5
 Silence                  Hex/Air        0%         N/A       100%        5
 Death Channel            Necr           0%         N/A       100%        6


Dungeon Overview and Level Annotations

Branches:
Dungeon (4/15)             Temple (0/1) D:4

Altars:
Ashenzari

Annotations:
D:4 Eustachio


Innate Abilities, Weirdness & Mutations

You are small and have problems with some larger weapons.
You are completely attuned to the shadows.


Message History

You hit the river rat.
You kill the river rat!
The river rat's corpse disappears in a puff of smoke!
The bat hits you but does no damage.
You hit the river rat but do no damage. The river rat bites you.
Eustachio mumbles some strange words.
You hit the river rat.
The river rat is moderately wounded.
The river rat bites you!
* * * LOW HITPOINT WARNING * * *
The river rat barely misses you.
The iron imp lashes its tail.
It was a potion of magic.
Magic courses through your body.
The shadow imp disappears in a puff of smoke!
The iron imp disappears in a puff of smoke!
Eustachio gestures wildly while chanting.
Eustachio blinks!
The river rat bites you.
* * * LOW HITPOINT WARNING * * *
You don't know any spells.
Throw: 74 stones
Press: ? - help, Q - select action, (/) - cycle Shift-Dir - straight line, f - river rat
Aim: a river rat (moderately wounded, summoned, 58% to hit)
You throw a stone.
The stone hits the river rat but does no damage.
The river rat is moderately wounded.
You hit the river rat.
The river rat is heavily wounded.
The river rat closely misses you. x2
You hit the river rat.
The river rat is severely wounded.
The river rat barely misses you.
You hit the river rat but do no damage.
The river rat is severely wounded.
The river rat closely misses you.
You barely miss the river rat.
The river rat is severely wounded.
The river rat bites you!
* * * LOW HITPOINT WARNING * * *
The river rat bites you.
You die...

,,*####.##
*,,*###(#####,*,**
,,,......# *,,* #5#
*,,***** ,,,####..#
*,.####.# *,,,,,,* ,*,**
#..# *,..#5..# *,,***,*
,,.$#*#..# *,#.#r### *,,*
*,* ,,#..##..# #.#.#5# *,,*
*,* ,,#...#..###.#.#b# *,<*
*,* ,###......##.#.#r# *,,*
*,*
,.........##.#..@###****,,*
*,***
,....#...............,,,,,*
*,,,,
,.>..###.#.#)##..####****,*
***** ,..JO*....###.##.#
*,* ,.......#..#.###.# *,*
,***,..##(#..,**.# *,*
,,*,,,***..._,,,.# *,*
,,*,,,***....,,,,*
*,*******
,,,,*,,,,,,,,,,,,*
*>,,,,,,,


You could see a quasit (summoned), a river rat (summoned), a bat (summoned) and
a rat (summoned).

Vanquished Creatures
  A necrophage (D:4)
  An ogre (D:4)
  A bullfrog (D:3)
  A bullfrog skeleton (D:2)
  3 adders
  A shadow imp (D:3)
  A worm (D:2)
  A dart slug (D:3)
  An orc (D:3)
  5 endoplasms
  2 giant cockroaches
  5 hobgoblins
  8 jackals
  2 quokkas (D:1)
  2 ball pythons
  5 bats
  4 frilled lizards
  4 goblins
  2 kobolds (D:2)
  9 rats
59 creatures vanquished.

Notes
Turn   | Place    | Note
-------+----------+-------------------------------------------
     0 | D:1      | FuzzyBison the Kobold Monk began the quest for the Orb.
     0 | D:1      | Reached XP level 1. HP: 14/14 MP: 1/1
   244 | D:1      | Reached XP level 2. HP: 19/19 MP: 2/2
   886 | D:1      | Reached XP level 3. HP: 23/23 MP: 3/3
  1555 | D:2      | Reached skill level 1 in Throwing
  1980 | D:2      | Reached skill level 5 in Short Blades
  1980 | D:2      | Reached XP level 4. HP: 19/29 MP: 4/4
  2354 | D:2      | Reached skill level 1 in Armour
  2928 | D:3      | Noticed a bullfrog
  2937 | D:3      | Killed a bullfrog
  2938 | D:3      | Reached XP level 5. HP: 34/34 MP: 5/5
  3920 | D:4      | Found a staircase to the Ecumenical Temple.
  3921 | D:4      | Noticed an ogre
  3930 | D:4      | Found a broken altar of Ashenzari.
  3941 | D:4      | Killed an ogre
  3942 | D:4      | Reached skill level 1 in Maces & Flails
  3942 | D:4      | Reached XP level 6. HP: 30/39 MP: 6/6
  3970 | D:4      | Noticed a necrophage
  3987 | D:4      | Killed a necrophage
  3989 | D:4      | Noticed Eustachio
  4030 | D:4      | Slain by a river rat

Illustrated notes

Levels and vault maps discovered:
D:1:      dpeg_arrival_arbitrary_a, layout_loops_corners, nrook_mini_backslash,
          st_stairs_4, serial_bayou_crossing
D:2:      layout_loops_ring, minivault_4
D:3:      layout_basic, minivault_5
D:4:      layout_loops_ring, grunt_temple_overflow_open,
          minmay_temple_entry_tees, portal_sewer_entry_d,
          lightli_ossuary_entry_decrepit_ruins, patterned_corridor,
          uniq_eustachio

Skill      XL: |  1  2  3  4  5  6 |
---------------+-------------------+-----
Throwing       | 1 |  1.9
Dodging        | 4 |  4.4
Short Blades   | 5 |  5.4
Armour         | 1 |  1.8
Fighting       | 4 |  4.6
Maces & Flails | 1 2 |  2.2
Stealth        | |  2.9
Evocations     | |  0.7

Action                   |  1- 3 |  4- 6 || total
-------------------------+-------+-------++-------
Melee: Short sword       |   104 |    98 ||   202
       Mace              |       |   113 ||   113
 Fire: Hunting sling     |       |     1 ||     1
Throw: Stone             |    64 |    22 ||    86
       Dart              |       |     1 ||     1
Evoke: Wand              |       |     7 ||     7
  Use: Scroll            |       |     7 ||     7
       Potion            |       |     7 ||     7
Armor: Robe              |     3 |       ||     3
       Chain mail        |    26 |   121 ||   147
       Skin              |       |    15 ||    15
Dodge: Dodged            |    46 |    87 ||   133
